 Dungeon Crawl Stone Soup version 0.29.1-13-g9f3cf754e1 (webtiles) character file.

Game seed: 234858120232720917

46 cheesebisquit the Shooter (level 3, -2/21 HPs)
             Began as a Gargoyle Hunter on Jan 19, 2023.
             Killed from afar by Sigmund (3 damage)
             ... with a magic dart
             ... on level 2 of the Dungeon.
             The game lasted 00:04:07 (990 turns).

cheesebisquit the Shooter (Gargoyle Hunter)          Turns: 990, Time: 00:04:08

Health: -2/21      AC:  8    Str: 14    XL:     3   Next: 66%
Magic:  3/3        EV: 11    Int:  9    God:
Gold:   53         SH:  0    Dex: 15    Spells: 2/2 levels left

rFire   . . .      SeeInvis .   a - +0 shortbow
rCold   . . .      Faith    .   (shield currently unavailable)
rNeg    + . .      Spirit   .   c - +0 leather armour
rPois   ∞          Reflect  .   (no helmet)
rElec   +          Harm     .   (no cloak)
rCorr   .          Rampage  .   k - +0 pair of gloves
Will    .....                   f - +0 pair of boots
Stlth   ++........              (no amulet)
HPRegen 0.07/turn               (no ring)
MPRegen 0.08/turn               (no ring)

@: no status effects
A: sickness immunity, AC +3, negative energy resistance 1, electricity
resistance, torment resistance 1, petrification resistance
a: no special abilities


You were on level 2 of the Dungeon.
You visited 1 branch of the dungeon, and saw 2 of its levels.

You collected 53 gold pieces.

Inventory:

Hand Weapons
 a - a +0 shortbow (weapon)
Armour
 c - a +0 leather armour (worn)
 f - a +0 pair of boots (worn)
 k - a +0 pair of gloves (worn)
Scrolls
 b - a scroll of immolation
 d - 2 scrolls of enchant weapon {unknown}
 h - a scroll of identify {unknown}
 j - a scroll of magic mapping {unknown}
Potions
 e - 2 potions of cancellation {unknown}
 g - a potion of lignification {unknown}
 i - a potion of flight {unknown}


   Skills:
 - Level 2.1 Fighting
 + Level 5.3 Ranged Weapons
 - Level 1.5 Dodging
 - Level 1.1 Stealth


You had 2 spell levels left.
You didn't know any spells.
Your spell library was empty.

Dungeon Overview and Level Annotations

Branches:
Dungeon (2/15)

Altars:

Annotations:
D:2 Natasha, Sigmund


Innate Abilities, Weirdness & Mutations

You are immune to sickness and miasma.
Your stone body is resilient. (AC +3)
You are immune to poison.
You resist negative energy. (rN+)
You are resistant to electric shocks. (rElec)
You are resistant to unholy torment.
You are immune to petrification.


Message History

k - a +0 pair of gloves You start putting on your armour.
You continue putting on your +0 pair of gloves. x4
You finish putting on your +0 pair of gloves.
You see here a ball python corpse.
You now have 53 gold pieces (gained 11).
e - 2 cyan potions (gained 1) Sigmund is nearby!
Sigmund is nearby!
You shoot an arrow. The arrow closely misses Sigmund.
Sigmund gestures at you while chanting.
The puff of flame hits you but does no damage.
Sigmund gestures at you while chanting.
You are confused.
You're too confused to move!
You bump into the rock wall.
You shoot an arrow. Sigmund casts a spell at you.
You are more confused.
You shoot an arrow. You shoot an arrow. You shoot an arrow.
Sigmund hits you but does no damage.
You shoot an arrow.
Sigmund hits you from afar with a +0 scythe.
You shoot an arrow.
Sigmund hits you from afar with a +0 scythe!
You shoot an arrow.
Sigmund casts a spell.
Sigmund flickers and vanishes!
Deactivating autopickup; reactivate with Ctrl-A.
You are too confused!
You shoot an arrow.
Natasha, Servant of Life and Death comes into view.
Something hits you!
* * * LOW HITPOINT WARNING * * *
Natasha moves out of view.
You feel less confused.
A magic dart appears from out of thin air!
The magic dart hits you.
You die...

##...##.#........
#.......'........
##..........)....
#...#.###.......
###.†##..###.....#
#.........###...##
###.{..##..#.###+##
#....####..##.##.#
#.#@.# #..# #.#.###
#.#..####..# #.....
#.#........# ##...##
#.#.......####.....#
#.##.###......#..†##
#.##.# #..###.##..##
#.##.# #............
#....# #.####.###...
###### #....<.# ####


There were no monsters in sight!

Vanquished Creatures
  Natasha (D:2)
  A ball python (D:2)
  3 bats
  An endoplasm (D:1)
  2 giant cockroaches (D:1)
  A goblin (D:1)
  3 hobgoblins (D:1)
  A quokka (D:1)
  2 frilled lizards (D:1)
  2 kobolds
  4 rats (D:1)
21 creatures vanquished.

Notes
Turn   | Place    | Note
-------+----------+-------------------------------------------
     0 | D:1      | cheesebisquit the Gargoyle Hunter began the quest for the
                  | Orb.
     0 | D:1      | Reached XP level 1. HP: 12/12 MP: 1/1
    46 | D:1      | Found a faded altar of an unknown god.
   231 | D:1      | Reached XP level 2. HP: 13/17 MP: 2/2
   861 | D:2      | Noticed Sigmund
   905 | D:2      | Noticed Natasha
   912 | D:2      | Killed Natasha
   913 | D:2      | Reached skill level 5 in Ranged Weapons
   913 | D:2      | Reached XP level 3. HP: 21/21 MP: 3/3
   989 | D:2      | Noticed Natasha
   989 | D:2      | HP: 1/21 [something (7)]
   990 | D:2      | Killed from afar by Sigmund

Illustrated notes

Levels and vault maps discovered:
D:1:      dpeg_arrival_rooms_c, layout_basic, hellmonk_ecumenical_altar_zigzags,
          minmay_misc_feat_tower, minmay_tiny_reverse_x
D:2:      layout_loops_corners, serial_rivers, chequers_serial_rivers_micro_a,
          chequers_serial_rivers_room_a, chequers_serial_rivers_room_a,
          chequers_serial_rivers_micro_a, chequers_serial_rivers_room_b,
          uniq_natasha, uniq_sigmund

Skill      XL: |  1  2 |
---------------+-------+-----
Ranged Weapons | 5 |  5.3
Fighting       | |  2.1
Dodging        | |  1.5
Stealth        | |  1.1

Action                   || total
-------------------------++-------
 Fire: Shortbow          ||    65
Armor: Leather armour    ||     8
Dodge: Dodged            ||    16
